 Dungeon Crawl Stone Soup version 0.31.0-11-ge490571c62 (webtiles) character file.

Game seed: 10016633895048731043

231 qw the Skirmisher (level 5, 0/30 HPs)
             Began as a Deep Elf Hunter on Feb 4, 2024.
             Slain by a gnoll
             ... wielding a +0 whip
              (3 damage)
             ... on level 4 of the Dungeon.
             The game lasted 00:00:09 (2398 turns).

qw the Skirmisher (Deep Elf Hunter)                 Turns: 2398, Time: 00:00:10

Health: 0/30       AC:  6    Str: 10    XL:     5   Next: 72%
Magic:  7/7        EV:  6    Int: 14    God:
Gold:   159        SH:  0    Dex: 18    Spells: 4/4 levels left

rFire   . . .        a - +1 shortbow
rCold   . . .        (shield currently unavailable)
rNeg    . . .        g - +0 ring mail
rPois   .            i - +0 helmet
rElec   .            (no cloak)
rCorr   .            (no gloves)
SInv    .            (no boots)
Will    .....        b - amulet of regeneration
Stlth   +            (no ring)
HPRegen 1.05/turn    (no ring)
MPRegen 0.10/turn

%: no passive effects
@: held
A: no striking features
a: no special abilities


You were on level 4 of the Dungeon.
You visited 2 branches of the dungeon, and saw 5 of its levels.

You collected 159 gold pieces.


   Skills:
 - Level 2.1 Fighting
 + Level 9.0 Ranged Weapons
 - Level 2.4 Dodging
 - Level 1.2 Stealth


You had 4 spell levels left.
You didn't know any spells.
Your spell library was empty.

Inventory:

Hand Weapons
 a - a +1 shortbow (weapon)
Armour
 g - a +0 ring mail (worn)
 i - a +0 helmet (worn)
Jewellery
 b - an amulet of regeneration (around neck)
Scrolls
 c - a scroll of teleportation
 d - a scroll of immolation {unknown}
Potions
 e - a potion of enlightenment
 f - 3 potions of curing
 l - a potion of haste
 m - a potion of magic {unknown}

Dungeon Overview and Level Annotations

Branches:
Dungeon (4/15)             Temple (1/1) D:4

Altars:
Ashenzari
Dithmenos
Elyvilon
Fedhas
Gozag
Kikubaaqudgha
Qazlal
Ru
Trog
Uskayaw
Xom
Yredelemnul
Zin
The Shining One

Annotations:
D:3 1 runed translucent door, Crazy Yiuf


Message History

There is a stone staircase leading down here. 2 gnolls come into view.
You shoot an arrow.
The arrow hits the gnoll but does no damage.
The gnoll shouts!
You hear a shout!
You shoot an arrow. The arrow barely misses the gnoll.
A gnoll comes into view. It is wielding a +0 spear.
The gnoll closely misses you.
You shoot an arrow. The arrow hits the gnoll!
The gnoll is severely wounded.
The gnoll hits you with a +0 flail!
A gnoll comes into view.
It is wielding a +0 whip and quivering 2 throwing nets.
You shoot an arrow. The arrow closely misses the gnoll.
The gnoll shouts!
You hear an angry hiss.
The gnoll closely misses you.
The gnoll hits you from afar with a +0 halberd.
You shoot an arrow. The arrow hits the gnoll.
You kill the gnoll!
The gnoll hits you from afar with a +0 halberd.
Your Fighting skill increases to level 2!
You shoot an arrow. The arrow barely misses the gnoll.
An adder comes into view.
The gnoll barely misses you. The adder bites you.
You shoot an arrow. The arrow hits the adder!
The adder is almost dead.
The gnoll hits you from afar with a +0 halberd!
The adder bites you but does no damage.
You shoot an arrow. The arrow hits the adder.
You kill the adder!
The gnoll closely misses you.
You shoot an arrow. The arrow hits the gnoll!
The gnoll is heavily wounded.
The gnoll closely misses you.
The gnoll throws a throwing net.
The throwing net hits you.
You become entangled in the net!
The gnoll closely misses you.
You struggle against the net.
The gnoll hits you from afar with a +0 halberd!
The gnoll hits you with a +0 whip.
You die...

#...#........)...#
#...########...#.#
#...>......#.###.#
#...##.#.#.#.## .#
#...#.........# .#
#.###.........# .#
#.# #.........#
#.# #...........
#@# #..........##
.....gg.#
##########.#
#####.### .# #. .#
#


You could see 2 gnolls.

Vanquished Creatures
  A bombardier beetle (D:3)
  2 hounds (D:4)
  4 gnolls (D:4)
  5 adders
  A dart slug (D:3)
  7 bats
  4 endoplasms
  4 giant cockroaches
  A hobgoblin (D:4)
  5 jackals
  5 quokkas (D:3)
  4 ball pythons
  11 frilled lizards
  4 kobolds
  2 rats
60 creatures vanquished.

Notes
Turn   | Place    | Note
-------+----------+-------------------------------------------
     0 | D:1      | qw the Deep Elf Hunter began the quest for the Orb.
     0 | D:1      | Reached XP level 1. HP: 12/12 MP: 3/3
     0 | D:1      | 0 ||| qw: Version: 0.3-a-160-g6735b56
     0 | D:1      | 0 ||| qw: Game counter: 4543
     0 | D:1      | 0 ||| qw: Melee chars always use a shield: true
     0 | D:1      | 0 ||| qw: God list: Okawaru
     0 | D:1      | 0 ||| qw: Allow faded altars: false
     0 | D:1      | 0 ||| qw: Do Orc after clearing Dungeon:15 true
     0 | D:1      | 0 ||| qw: Do second Lair branch before Depths: true
     0 | D:1      | 0 ||| qw: Lair rune preference: random
     0 | D:1      | 0 ||| qw: Goals: Normal
     0 | D:1      | 0 ||| PLANNING D:1-11
   690 | D:1      | Reached XP level 2. HP: 16/16 MP: 4/4
   761 | D:1      | 761 ||| UPGRADING to +0 helmet.
   766 | D:1      | 766 ||| READING scroll labelled INANTO TICAACWOJO.
   797 | D:1      | 797 ||| READING scroll labelled EDIXOOR OKLOF.
   801 | D:1      | 801 ||| READING scroll labelled TIETHR WUCW.
   801 | D:1      | 801 ||| ENCHANTING +0 shortbow.
   802 | D:1      | 802 ||| DRINKING 2 fizzy grey potions.
   803 | D:1      | 803 ||| DRINKING 2 white potions.
   804 | D:1      | 804 ||| DRINKING metallic grey potion.
   805 | D:1      | 805 ||| DROPPING scroll of butterflies.
   806 | D:1      | 806 ||| DROPPING potion of ambrosia.
   869 | D:2      | Reached skill level 6 in Ranged Weapons
  1157 | D:2      | Reached XP level 3. HP: 20/20 MP: 5/5
  1351 | D:2      | Found a glowing golden altar of the Shining One.
  1565 | D:2      | Reached skill level 7 in Ranged Weapons
  1586 | D:2      | Found a faded altar of an unknown god.
  1644 | D:2      | 1644 ||| UPGRADING to +0 ring mail.
  1654 | D:2      | 1654 ||| DROPPING +0 leather armour.
  1655 | D:2      | 1655 ||| UPGRADING to amulet of guardian spirit.
  1660 | D:2      | 1660 ||| READING scroll labelled JOKOYD IRHY.
  1661 | D:2      | 1661 ||| READING scroll labelled QASOTU NOZAN.
  1661 | D:2      | Identified a scroll of acquirement
  1661 | D:2      | 1661 ||| ACQUIRING amulet of regeneration
  1661 | D:2      | Acquired an amulet of regeneration
  1663 | D:2      | 1663 ||| UPGRADING to amulet of regeneration.
  1673 | D:2      | 1673 ||| DROPPING amulet of guardian spirit.
  1674 | D:2      | 1674 ||| READING scroll labelled HOXZAT RARI.
  1675 | D:2      | 1675 ||| READING scroll labelled JIANACLATOXT.
  1675 | D:2      | 1675 ||| IDENTIFYING cyan potion
  1843 | D:3      | Reached XP level 4. HP: 25/25 MP: 6/6
  1863 | D:3      | Found a bloodstained altar of Trog.
  1863 | D:3      | Found a shadowy altar of Dithmenos.
  1907 | D:3      | Found a runed translucent door.
  1908 | D:3      | Noticed Crazy Yiuf
  1968 | D:3      | Reached skill level 8 in Ranged Weapons
  2005 | D:3      | Found an ancient bone altar of Kikubaaqudgha.
  2196 | D:3      | 2196 ||| READING scroll of identify.
  2196 | D:3      | 2196 ||| IDENTIFYING ruby potion
  2197 | D:3      | 2197 ||| READING scroll labelled AKIGGO DESOSE.
  2198 | D:3      | 2198 ||| DRINKING 2 amethyst potions.
  2199 | D:3      | 2199 ||| DROPPING potion of invisibility.
  2200 | D:3      | 2200 ||| DROPPING potion of lignification.
  2202 | D:3      | 2202 ||| Stepping ~*~*~tactically~*~*~ (cloud).
  2284 | D:4      | Found a staircase to the Ecumenical Temple.
  2285 | D:4      | 2285 ||| PLANNING TEMPLE
  2307 | D:4      | Reached XP level 5. HP: 29/29 MP: 7/7
  2315 | Temple   | Entered the Ecumenical Temple
  2316 | Temple   | 2316 ||| PLANNING D:1-11
  2356 | D:4      | Reached skill level 9 in Ranged Weapons
  2359 | D:4      | 2359 ||| FLEEEEING.
  2360 | D:4      | 2360 ||| FLEEEEING.
  2398 | D:4      | HP: 3/30 [gnoll/+0 halberd (10)]
  2398 | D:4      | Slain by a gnoll

Levels and vault maps discovered:
D:1:      grunt_arrival_lava_bath, layout_basic, minmay_lizard_king
D:2:      layout_loops_corners, hellmonk_ecumenical_altar_crossroads,
          basic_altar
D:3:      layout_basic, gammafunk_temple_overflow_wave,
          nicolae_overflow_crystal_walls, uniq_crazy_yiuf_cottage
D:4:      minmay_skewed_foursquare, layout_basic, mainiacjoe_overflow_paths,
          kennysheep_generic_room_10, uniq_natasha
Temple:   bh_familiar_temple

Skill      XL: |  1  2  3  4  5 |
---------------+----------------+-----
Ranged Weapons | 6 7 8 9 |  9.0
Fighting       | 2 |  2.1
Dodging        | |  2.4
Stealth        | |  1.2

Action                     |  1- 3 |  4- 6 || total
---------------------------+-------+-------++-------
   Fire: Shortbow          |    78 |    75 ||   153
    Use: Scroll            |     7 |     2 ||     9
         Potion            |     3 |     1 ||     4
 Armour: Leather armour    |    12 |       ||    12
         Ring mail         |       |    24 ||    24
  Dodge: Dodged            |    12 |    25 ||    37

Table legend:
 A = Non-vault XP
 B = Vault XP
 C = Vault XP percentage of total XP
 D = Non-vault monster count
 E = Vault monster count
 F = Vault count percentage of total count
                 A         B        C        D         E       F
            +---------+---------+-------+---------+---------+-------
      Total |     325 |       5 |   1.5 |      55 |       5 |   8.3
            +---------+---------+-------+---------+---------+-------
        D:1 |       7 |       5 |  41.7 |       6 |       5 |  45.5
        D:2 |      68 |       0 |   0.0 |      20 |       0 |   0.0
        D:3 |      95 |       0 |   0.0 |      20 |       0 |   0.0
        D:4 |     155 |       0 |   0.0 |       9 |       0 |   0.0
            +---------+---------+-------+---------+---------+-------
